 Dungeon Crawl Stone Soup version 0.26-a0-682-g294304f (webtiles) character file.

Game seed: 1336393105243263293

132 Mopster the Cudgeler (level 4, 41/41 HPs)
             Began as a Minotaur Berserker on Oct 21, 2020.
             Was a Believer of Trog.
             Quit the game on level 3 of the Dungeon.
             The game lasted 00:03:22 (1891 turns).

Mopster the Cudgeler (Minotaur Berserker)           Turns: 1891, Time: 00:03:23

Health: 41/41      AC:  4    Str: 21    XL:     4   Next: 92%
Magic:  3/3        EV: 13    Int:  4    God:    Trog [**....]
Gold:   199        SH:  0    Dex: 11    Spells: 3/3 levels left

rFire    . . .     SeeInvis .   a - +0 mace
rCold    . . .     Faith    .   (no shield)
rNeg     . . .     Spirit   .   m - +0 leather armour
rPois    .         Reflect  .   (helmet restricted)
rElec    .         Harm     .   (no cloak)
rCorr    .         Rampage  .   (no gloves)
MR       .....                  n - +0 pair of boots
Stlth    +.........             (no amulet)
HPRegen  0.13/turn              (no ring)
MPRegen  0.08/turn              (no ring)

@: no status effects
A: retaliatory headbutt, horns 2
a: Berserk, Trog's Hand, Renounce Religion


You were on level 3 of the Dungeon.
You worshipped Trog.
Trog was pleased with you.
You visited 1 branch of the dungeon, and saw 3 of its levels.

You collected 199 gold pieces.

Inventory:

Hand Weapons
 a - a +0 mace (weapon)
 q - a +0 mace
Armour
 b - a +0 animal skin
 m - a +0 leather armour (worn)
 n - a +0 pair of boots (worn)
 r - a +0 ring mail
Scrolls
 c - 3 scrolls of identify {unknown}
 e - 2 scrolls of blinking {unknown}
 f - a scroll of amnesia {unknown}
 j - a scroll of teleportation {unknown}
Potions
 d - a potion of stabbing {unknown}
 g - a potion of brilliance {unknown}
 h - a potion of mutation {unknown}
 i - a potion of flight {unknown}
 k - a potion of berserk rage {unknown}
 o - a potion of curing {unknown}
 p - a potion of heal wounds {unknown}


   Skills:
 + Level 4.5 Fighting
   Level 0.5(3.1) Axes
 + Level 5.1 Maces & Flails
 + Level 3.0 Armour
 + Level 3.3 Dodging
 + Level 0.1 Stealth


You had 3 spell levels left.
You didn't know any spells.
Your spell library was empty.

Dungeon Overview and Level Annotations

Branches:
Dungeon (3/15)

Altars:


Innate Abilities, Weirdness & Mutations

You reflexively headbutt those who attack you in melee.
You have a pair of horns on your head.


Message History

a - a +0 mace (weapon)
You drop a +0 hand axe.
HP restored.
You see here a +0 club.
You see here a +0 short sword.
You now have 187 gold pieces (gained 11).
A frilled lizard comes into view.
A frilled lizard is nearby!
The frilled lizard hisses angrily.
You hit the frilled lizard.
You kill the frilled lizard!
Trog accepts your kill.
No target in view!
No target in view!
You now have 199 gold pieces (gained 12).
You see here a frilled lizard corpse.
You see here a frilled lizard corpse.
Found a stone staircase leading down.
Unknown command.
Are you sure you want to abandon this character and quit the game? (Confirm with "yes".)

....# ##.## #.. ###.#
##.###.# ...# #.#
#..#.# .$.# #.# #.#..#
... #.# #.##.# ..# #.#
#.##.# ..#
###.#####.##.####..##.#
......†...............#
#############...@..#
#####.## .# ># .# .# .#
##


There were no monsters in sight!

Vanquished Creatures
  An orc priest (D:3)
  4 adders (D:2)
  A worm (D:2)
  A dart slug (D:2)
  2 leopard geckos
  3 orcs (D:3)
  3 giant cockroaches
  7 goblins
  6 hobgoblins
  2 jackals (D:1)
  4 kobolds
  A quokka (D:2)
  3 bats
  5 frilled lizards
  13 rats
56 creatures vanquished.

Notes
Turn   | Place    | Note
-------+----------+-------------------------------------------
     0 | D:1      | Mopster the Minotaur Berserker began the quest for the Orb.
     0 | D:1      | Reached XP level 1. HP: 19/19 MP: 0/0
   169 | D:1      | Reached skill level 4 in Maces & Flails
   169 | D:1      | Reached XP level 2. HP: 26/27 MP: 1/1
   608 | D:1      | Reached ** piety under Trog
   736 | D:2      | Reached XP level 3. HP: 30/33 MP: 2/2
  1041 | D:2      | Found a faded altar of an unknown god.
  1311 | D:2      | Reached XP level 4. HP: 36/40 MP: 3/3
  1783 | D:3      | Reached skill level 5 in Maces & Flails
  1891 | D:3      | Quit the game

Illustrated notes

Levels and vault maps discovered:
D:1:      dpeg_arrival_ratfight, layout_rooms
D:2:      layout_loops_ring, chequers_ecumenical_altar_island
D:3:      layout_loops_ring, minitemple

Skill      XL: |  1  2  3  4 |
---------------+-------------+-----
Maces & Flails | 4 5 |  5.1
Fighting       | 4 |  4.5
Dodging        | 3 |  3.3
Armour         | 3 |  3.0
Axes           | |  0.5
Stealth        | |  0.1

Action                   |  1- 3 |  4- 6 || total
-------------------------+-------+-------++-------
Melee: Mace              |    51 |     1 ||    52
       Headbutt          |    13 |     4 ||    17
       Hand axe          |    27 |    27 ||    54
Armor: Animal skin       |     5 |       ||     5
       Leather armour    |     3 |     4 ||     7
Dodge: Dodged            |    55 |    14 ||    69

Table legend: (Time is in decaauts)
 A = Elapsed time spent in this place.
 B = Non-inter-level travel time spent in this place.
 C = Inter-level travel time spent in this place.
 D = Time resting spent in this place.
 E = Time spent auto-exploring this place.
 F = Levels seen in this place.
 G = Mean time per level.
                   A        B        C        D        E       F      G
               +--------+--------+--------+--------+--------+-----+--------+
         Total |   1915 |   1835 |     80 |      0 |   1544 |   3 |  638.3 |
       Dungeon |   1915 |   1835 |     80 |      0 |   1544 |   3 |  638.3 |
               +--------+--------+--------+--------+--------+-----+--------+

Top non-repeatable levels by time:
     D:2: 1065 daAuts
     D:1: 718 daAuts
     D:3: 132 daAuts
